 Dungeon Crawl Stone Soup version 0.28-a0-1182-g381e24db82 (webtiles) character file.

Game seed: 11285016595655282455

966 ChaosChampion the Insei (level 8, -8/43 HPs)
             Began as an Octopode Transmuter on Dec 17, 2021.
             Mangled by Duvessa (13 damage)
             ... on level 6 of the Dungeon.
             The game lasted 00:08:38 (6193 turns).

ChaosChampion the Insei (Octopode Transmuter)       Turns: 6193, Time: 00:08:38

Health: -8/43      AC:  2    Str:  9    XL:     8   Next: 15%
Magic:  7/11       EV: 19    Int: 18    God:
Gold:   161        SH:  0    Dex: 21    Spells: 6/11 levels left

rFire   . . .      SeeInvis .     - Unarmed
rCold   + . .      Faith    .   (shield currently unavailable)
rNeg    . . .      Spirit   .   (helmet currently unavailable)
rPois   x          Reflect  .   (no amulet)
rElec   .          Harm     .   b - +6 ring of dexterity
rCorr   .          Rampage  .   f - ring of protection from cold
Will    .....      Clarity  +   (no ring)
Stlth   ++........ Rnd*Tele +   (no ring)
HPRegen 0.14/turn               (no ring)
MPRegen 0.12/turn               (no ring)
                                (no ring)
                                (no ring)

@: spider-form, wereblooded
A: venomous fangs, almost no armour, (amphibious), 8 rings, tiny, (camouflage
1), (gelatinous body 1), (nimble swimmer 1), (tentacles), (tentacle spike 1),
clarity, clumsy 1, deterioration 1, frail 1, teleportitis 1
a: End Transformation


You were on level 6 of the Dungeon.
You were a venomous arachnid creature.
You visited 1 branch of the dungeon, and saw 6 of its levels.

You collected 161 gold pieces.

Inventory:

Jewellery
 b - a +6 ring of dexterity (left front leg)
 f - a ring of protection from cold (right front leg)
Scrolls
 i - 4 scrolls of teleportation
Potions
 a - a potion of heal wounds {unknown}
 c - a potion of ambrosia {unknown}
 d - a potion of berserk rage {unknown}
 e - 2 potions of lignification
 g - a potion of invisibility {unknown}
 h - 2 potions of magic {unknown}
 j - a potion of resistance {unknown}
 k - 2 potions of curing
 m - a potion of haste {unknown}


   Skills:
 - Level 1.0 Fighting
 - Level 2.0 Dodging
 * Level 7.7 Unarmed Combat
 - Level 2.0 Spellcasting
 + Level 5.3 Transmutations
 - Level 3.0 Poison Magic


You had 6 spell levels left.
You knew the following spells:

 Your Spells              Type           Power      Damage    Failure   Level
b - Wereblood             Tmut           21%        N/A       11%         2
c - Spider Form           Tmut/Pois      16%        N/A       24%         3

Your spell library contained the following spells:

 Spells                   Type           Power      Damage    Failure   Level
 Beastly Appendage        Tmut           42%        N/A       8%          1
 Ice Form                 Ice/Tmut       11%        N/A       73%         4


Dungeon Overview and Level Annotations

Branches:
Dungeon (6/15)
 Temple: D:4-7

Altars:
The Shining One

Annotations:
D:2 1 exclusion
D:6 Duvessa


Innate Abilities, Weirdness & Mutations

You are a venomous arachnid creature.
You have poisonous fangs.
You are tiny and dextrous.
Your spellcasting is less reliable in this form.
Your armour is entirely melded.
You are incapable of wielding weapons or throwing items.
You cannot wear most types of armour.
((You are amphibious.))
You can wear up to eight rings at the same time.
((Your skin changes colour to match your surroundings (Stealth+).))
((Your rubbery body absorbs attacks. (AC +1, EV +1)))
((You are camouflaged near water. (Stealth+)))
((You have tentacles for arms and can constrict up to eight enemies at once.))
((One of your tentacles bears a spike.))
You possess an exceptional clarity of mind.
You are clumsy. (Dex -2)
Your body sometimes deteriorates upon taking damage.
You are frail. (-10% HP)
You are occasionally teleported next to monsters.


Message History

Duvessa goes berserk!
Casting: Spider Form (quite dangerous; 24% risk of failure)
Confirm with . or Enter, or press ? or * to list all spells.
Your blood is infused with primal strength.
Press: ? - help, v - describe, . - travel
Here: Duvessa, wielding a +0 short sword and wearing a +0 leather armour (berserk)
The floor.
You hit Duvessa but do no damage.
Duvessa is poisoned.
Duvessa hits you with a +0 short sword! Duvessa misses you.
You hit Duvessa but do no damage.
Duvessa looks as sick as possible!
Duvessa is lightly wounded.
Duvessa hits you with a +0 short sword.
You bite Duvessa!
Duvessa looks as sick as possible!
Duvessa is lightly wounded.
Duvessa barely misses you.
You bite Duvessa!
Duvessa looks as sick as possible!
Duvessa is moderately wounded.
Duvessa hits you with a +0 short sword!
* * * LOW HITPOINT WARNING * * *
Duvessa completely misses you. Duvessa misses you.
You hear a bark!
There is an escape hatch in the floor here.
A hound comes into view.
You hear a shout! x2
The gnoll shaman shouts!
The gnoll shouts!
Duvessa rages.
Duvessa closely misses you.
Found 10 stones.
The hound bites you.
* * * LOW HITPOINT WARNING * * *
The hound bites you.
* * * LOW HITPOINT WARNING * * *
The hound bites you.
* * * LOW HITPOINT WARNING * * *
The gnoll shaman calls down the wrath of its god upon you.
You resist with some effort. Duvessa closely misses you.
Found 19 gold pieces.
Duvessa rages.
Duvessa hits you with a +0 short sword!
You die...

#.. ##..# (....
####.....
##.......#
##......###
##.s.......#
##..he......#
#.#.#.g..#..#
#.#.#.....##...
#.#.##.....g....
#.#$##...##.##...
.#.##..>## .# #
#.##<...##..#..
#....<.......


You could see Duvessa (berserk, very poisoned), a gnoll shaman, a hound and a
gnoll.

Vanquished Creatures
  A sky beast (D:5)
  An ogre (D:5)
  A centaur (D:4)
  A phantom (D:6)
  A bullfrog (D:6)
  Dowan (D:6)
  2 hounds (D:4)
  A bullfrog skeleton (D:6)
  2 jellies (D:5)
  Terence (D:2)
  4 iguanas
  Natasha (thrice) (D:2)
  A hound skeleton (D:4)
  Robin (D:2)
  A gnoll (D:5)
  6 adders
  An ufetubus (D:4)
  An adder skeleton (D:4)
  A dart slug (D:3)
  7 orcs
  3 endoplasms
  3 giant cockroaches
  20 goblins
  7 hobgoblins
  6 jackals
  3 kobolds
  3 quokkas
  4 ball pythons
  6 bats
  2 frilled lizards (D:2)
  3 rats
98 creatures vanquished.

Notes
Turn   | Place    | Note
-------+----------+-------------------------------------------
     0 | D:1      | ChaosChampion the Octopode Transmuter began the quest for
                  | the Orb.
     0 | D:1      | Reached XP level 1. HP: 13/13 MP: 3/3
   197 | D:1      | Reached XP level 2. HP: 15/18 MP: 3/5
  1112 | D:2      | Reached XP level 3. HP: 23/23 MP: 4/6
  1170 | D:2      | Noticed Natasha
  1179 | D:2      | Killed Natasha
  1180 | D:2      | Reached skill level 4 in Unarmed Combat
  1183 | D:2      | Noticed Natasha
  1415 | D:1      | Learned a level 2 spell: Wereblood
  1419 | D:1      | Learned a level 3 spell: Spider Form
  1490 | D:2      | Killed Natasha
  1491 | D:2      | Reached skill level 1 in Poison Magic
  1491 | D:2      | Reached XP level 4. HP: 22/28 MP: 2/7
  1967 | D:2      | Noticed Robin
  1990 | D:2      | Killed Robin
  2063 | D:2      | Reached XP level 5. HP: 33/33 MP: 4/8
  2199 | D:2      | Noticed Terence
  2211 | D:2      | Killed Terence
  2441 | D:2      | Noticed Natasha
  2448 | D:2      | Killed Natasha
  3309 | D:3      | Reached skill level 5 in Unarmed Combat
  3706 | D:3      | Gained mutation: You are frail. (-10% HP) [potion of
                  | mutation]
  3706 | D:3      | Gained mutation: Your spells are a little easier to cast,
                  | but a little less powerful. [potion of mutation]
  3707 | D:3      | Lost mutation: You are frail. (-10% HP) [potion of
                  | mutation]
  3707 | D:3      | Lost mutation: Your spells are a little easier to cast, but
                  | a little less powerful. [potion of mutation]
  3707 | D:3      | Gained mutation: You are frail. (-10% HP) [potion of
                  | mutation]
  3707 | D:3      | Gained mutation: You have hidden genetic defects. [potion
                  | of mutation]
  3791 | D:4      | Reached XP level 6. HP: 34/34 MP: 5/9
  3858 | D:4      | Lost mutation: You are frail. (-10% HP) [potion of
                  | mutation]
  3858 | D:4      | Gained mutation: Your body sometimes deteriorates upon
                  | taking damage. [potion of mutation]
  3858 | D:4      | Gained mutation: You are clumsy. (Dex -2) [potion of
                  | mutation]
  3858 | D:4      | Gained mutation: One of your tentacles bears a spike.
                  | [potion of mutation]
  3858 | D:4      | Gained mutation: You possess an exceptional clarity of
                  | mind. [potion of mutation]
  3911 | D:4      | Gained mutation: You are occasionally teleported next to
                  | monsters. [hidden defects]
  3933 | D:4      | Gained mutation: You are frail. (-10% HP) [hidden defects]
  3933 | D:4      | Lost mutation: You have hidden genetic defects. [hidden
                  | defects expressed]
  4482 | D:5      | Entered Level 5 of the Dungeon
  4549 | D:5      | Reached skill level 6 in Unarmed Combat
  4553 | D:5      | Reached XP level 7. HP: 22/38 MP: 5/10
  5683 | D:5      | Reached skill level 7 in Unarmed Combat
  5777 | D:5      | Noticed a yak
  5781 | D:5      | Noticed a yak
  5877 | D:6      | Reached skill level 5 in Transmutations
  5892 | D:6      | Noticed Dowan
  5896 | D:6      | Reached XP level 8. HP: 26/43 MP: 2/11
  6024 | D:6      | Noticed Duvessa
  6050 | D:6      | Killed Dowan
  6107 | D:5      | Noticed a yak
  6147 | D:5      | Found a glowing golden altar of the Shining One.
  6193 | D:6      | Mangled by Duvessa

Illustrated notes

Levels and vault maps discovered:
D:1:      dpeg_arrival_tiny_k, layout_basic
D:2:      layout_loops_corners, due_unseen_surprise, uniq_terence, uniq_natasha,
          uniq_robin
D:3:      layout_basic
D:4:      layout_basic
D:5:      layout_cave_pools, tso_altar, kennysheep_doodads, st_stairs_4,
          minivault_5, amethyst_killhole
D:6:      minmay_inner_zag, layout_cave_pools, nicolae_overflows_in_rows,
          minmay_joined_circles, uniq_duvessa, uniq_crazy_yiuf_cottage

Skill      XL: |  1  2  3  4  5  6  7 |
---------------+----------------------+-----
Unarmed Combat | 4 5 6 7 |  7.7
Poison Magic   | 1 3 |  3.0
Transmutations | 3 4 5 |  5.3
Fighting       | |  1.0
Dodging        | |  2.0
Spellcasting   | |  2.0

Action                   |  1- 3 |  4- 6 |  7- 9 || total
-------------------------+-------+-------+-------++-------
Melee: Unarmed           |    54 |   129 |    66 ||   249
       Constrict         |    15 |     5 |       ||    20
       Kick              |    14 |       |       ||    14
       Tentacles         |     6 |     4 |       ||    10
       Punch             |       |     2 |       ||     2
 Cast: Beastly Appendage |    19 |       |       ||    19
       Spider Form       |     1 |    23 |    10 ||    34
       Wereblood         |     1 |    14 |     6 ||    21
  Use: Scroll            |       |     5 |     1 ||     6
       Potion            |       |     3 |       ||     3
 Stab: Sleeping          |     3 |     5 |       ||     8
Armor: Skin              |     3 |     4 |     1 ||     8
Dodge: Dodged            |    40 |   106 |    48 ||   194

Table legend: (Time is in decaauts)
 A = Elapsed time spent in this place.
 B = Non-inter-level travel time spent in this place.
 C = Inter-level travel time spent in this place.
 D = Time resting spent in this place.
 E = Time spent auto-exploring this place.
 F = Levels seen in this place.
 G = Mean time per level.
                   A        B        C        D        E       F      G
               +--------+--------+--------+--------+--------+-----+--------+
         Total |   6173 |   6097 |     76 |   1053 |   4046 |   6 | 1028.8 |
       Dungeon |   6173 |   6097 |     76 |   1053 |   4046 |   6 | 1028.8 |
               +--------+--------+--------+--------+--------+-----+--------+

Top non-repeatable levels by time:
     D:1: 1380 daAuts
     D:5: 1364 daAuts
     D:2: 1236 daAuts
     D:3: 1071 daAuts
     D:4: 900 daAuts
     D:6: 220 daAuts
